Map: Proxima Station LE

Players

McMonroe

  • Race: Zerg Zerg
  • Spawn Location: 7:00

SortOf - Winner!

  • Race: Zerg Zerg
  • Spawn Location: 1:00

Event: WCS Austin 2017

VOD

Have the link to the VOD?

Description

Time

  • Played on: April 28, 2017, 1:20 p.m.
  • Length: 10:50

All games in this series

Show
View Real Time Build Order
Export as new Build Order

McMonroe Zerg 

Build Orders: Hatch First 

Get SALT Encoding   

  12  0:00  Drone  
  13  0:14  Overlord  
  13  0:18  Drone  
  14  0:32  Drone x2  
  16  0:37  Drone  
  17  0:52  Hatchery  
  17  0:56  Drone  
  17  0:58  Drone  
  17  1:03  Extractor  
  17  1:14  Spawning Pool  
  17  1:18  Drone  
  17  1:20  Drone  
  18  1:30  Drone  
  19  1:40  Overlord  
  19  1:51  Drone  
  20  2:01  Queen  
  20  2:04  Queen  
  20  2:05  Metabolic Boost  
  20  2:07  Zergling x2  
  25  2:09  Drone  
  25  2:13  Drone  
  25  2:15  Drone  
  28  2:24  Drone  
  28  2:28  Drone  
  30  2:35  Drone  
  31  2:45  Drone x2  
  31  2:48  Hatchery  
  32  2:53  Zergling x2  
  33  3:00  Evolution Chamber  
  33  3:01  Overlord  
  33  3:02  Baneling Nest  
  33  3:03  Zergling x2  
  32  3:10  Drone x3  
  34  3:15  Overlord  
  34  3:23  Zergling x6  
  37  3:30  Zergling x4  
  37  3:34  Drone x2  
  41  3:44  Drone x2  
  43  3:50  Overlord  
  43  3:51  Drone  
  43  3:52  Drone  
  43  3:54  Drone  
  46  3:56  Drone  
  47  4:03  Drone  
  47  4:06  Zerg Melee Weapons Level 1  
  47  4:07  Drone x2  
  47  4:08  Roach Warren  
  48  4:25  Drone x10  
  48  4:29  Queen  
  59  4:31  Extractor x2  
  57  4:38  Overlord x2  
  57  4:44  Spine Crawler  
  56  4:48  Overlord x2  
  56  4:53  Roach x2  
  56  4:56  Roach x2  
  56  4:59  Roach x2  
  68  5:03  Roach  
  68  5:06  Lair  
  70  5:09  Roach  
  70  5:11  Roach  
  74  5:16  Roach x2  
  74  5:18  Roach  
  80  5:23  Roach, Spine Crawler  
  80  5:27  Roach  
  83  5:30  Roach x2  
  83  5:32  Roach  
  89  5:36  Roach  
  89  5:41  Roach  
  89  5:42  Roach x2  
  97  5:45  Overlord  
  92  5:59  Overlord x3  
  90  6:04  Roach x4  
  88  6:13  Drone x6  
  94  6:21  Zerg Missile Weapons Level 1  
  94  6:22  Drone x3  
  94  6:25  Drone x2  
  99  6:30  Drone  
  100  6:38  Drone x3, Unknown  
  103  6:40  Extractor  
  103  6:41  Extractor  
  103  6:46  Drone x5  
  106  6:54  Drone  
  107  6:56  Glial Reconstitution  
  107  6:57  Drone x2  
  107  7:00  Ravager x4  
  113  7:02  Hatchery  
  113  7:07  Roach x4  
  113  7:08  Overlord  
  120  7:10  Overlord  
  120  7:13  Overlord  
  120  7:16  Overlord  
  120  7:23  Overlord x2  
  120  7:31  Roach x6  
  132  7:41  Roach x6  
  139  7:49  Roach x5  
  144  7:59  Roach x5  
  151  8:06  Ravager  
  151  8:08  Overlord x6  
  152  8:15  Zerg Ground Armor Level 1  
  152  8:28  Roach x6  
  152  8:30  Ravager x2  
  152  8:32  Hatchery  
  163  8:42  Roach x7  
  169  8:51  Roach  
  169  8:52  Roach x4  
  169  8:55  Roach x2  
  157  9:01  Roach x3  
  159  9:08  Roach x4  
  167  9:12  Roach  
  167  9:13  Roach  
  167  9:15  Roach  
  173  9:25  Roach x4  
  173  9:32  Roach  
  173  9:33  Roach x2  
  173  9:36  Roach x2  
  183  9:41  Overlord x2  
  183  9:47  Overlord  
  183  9:48  Overlord  
  183  9:59  Queen  
  178  10:04  Roach x6  
  185  10:15  Roach x2  
  185  10:16  Roach x5  
  185  10:21  Drone x5  
Show
View Real Time Build Order
Export as new Build Order

SortOf Zerg - Winner!

Build Orders: Hatch First 

Get SALT Encoding   

  12  0:00  Drone  
  13  0:14  Overlord  
  13  0:18  Drone  
  14  0:33  Drone x2  
  16  0:41  Drone  
  17  0:52  Hatchery  
  16  1:00  Drone x2  
  18  1:16  Spawning Pool, Extractor  
  16  1:20  Drone  
  16  1:22  Drone  
  18  1:32  Overlord  
  18  2:01  Drone  
  19  2:04  Queen x2  
  19  2:05  Zergling x4  
  19  2:06  Drone  
  26  2:19  Drone x2  
  28  2:27  Drone x2  
  30  2:33  Evolution Chamber  
  30  2:35  Drone  
  30  2:38  Drone  
  30  2:41  Lair  
  31  2:45  Roach Warren  
  30  2:53  Drone x2  
  30  2:55  Overlord  
  31  2:59  Drone  
  31  3:03  Extractor  
  31  3:08  Overlord  
  31  3:13  Drone x4  
  31  3:18  Drone  
  36  3:20  Zerg Missile Weapons Level 1  
  36  3:26  Queen  
  37  3:32  Evolution Chamber  
  36  3:36  Roach  
  36  3:38  Roach  
  36  3:40  Drone  
  41  3:42  Drone  
  41  3:45  Drone  
  43  3:51  Roach x2  
  43  3:54  Spore Crawler  
  46  3:59  Roach  
  46  4:01  Roach  
  50  4:10  Roach Warren  
  50  4:12  Roach  
  51  4:25  Overlord  
  51  4:26  Overlord, Glial Reconstitution  
  51  4:33  Drone  
  51  4:36  Overlord  
  54  4:45  Roach  
  54  4:46  Roach x2  
  54  4:49  Roach x2  
  62  4:54  Roach  
  62  4:56  Drone  
  65  5:01  Roach x2  
  69  5:08  Roach x2  
  73  5:16  Roach  
  73  5:18  Overlord  
  75  5:22  Overlord  
  75  5:24  Drone  
  76  5:38  Zerg Missile Weapons Level 2  
  76  5:39  Drone x2  
  76  5:42  Hatchery  
  77  5:46  Roach  
  77  5:49  Drone  
  81  5:50  Drone  
  81  5:53  Drone x2  
  81  5:56  Drone x2  
  83  6:00  Drone x2  
  83  6:05  Drone x2  
  83  6:07  Roach  
  81  6:12  Extractor  
  81  6:14  Extractor  
  81  6:15  Overseer  
  81  6:18  Roach x3  
  85  6:23  Drone  
  86  6:33  Roach x3  
  92  6:40  Overlord  
  92  6:41  Overlord  
  92  6:48  Overlord  
  92  6:52  Overlord  
  92  7:00  Ravager x2  
  94  7:01  Ravager  
  94  7:02  Ravager  
  94  7:03  Drone x7  
  94  7:07  Drone  
  104  7:13  Overlord  
  104  7:16  Roach  
  104  7:17  Roach x5  
  104  7:22  Overlord  
  116  7:24  Overlord  
  116  7:30  Roach x3  
  122  7:40  Roach  
  124  7:48  Roach x3  
  124  7:49  Roach x5  
  138  7:58  Roach x2  
  138  7:59  Roach x2  
  138  8:00  Overlord  
  146  8:10  Overlord, Spire  
  145  8:13  Extractor  
  145  8:14  Overlord  
  144  8:21  Drone x2  
  144  8:22  Drone  
  144  8:23  Drone x4  
  144  8:24  Drone, Extractor  
  144  8:25  Drone x2  
  144  8:26  Drone  
  154  8:28  Ravager  
  154  8:30  Ravager  
  154  8:31  Roach  
  158  8:41  Roach x3  
  158  8:42  Roach x2  
  162  8:53  Roach  
  162  8:54  Roach x4  
  149  9:07  Roach  
  149  9:08  Roach x6  
  163  9:11  Overlord  
  163  9:13  Ravager  
  163  9:16  Overlord  
  164  9:28  Mutalisk x4  
  166  9:34  Mutalisk  
  168  9:45  Roach x7  
  180  9:51  Overlord  
  178  10:05  Mutalisk x3  
  180  10:07  Hatchery  
  180  10:09  Overlord  
  177  10:16  Roach  
  177  10:17  Roach x4  
  181  10:25  Overlord  
  179  10:30  Ravager x2  
Tags
 
Add a new tag
Caveats
  • Supply blocks, unpowered buildings, or Contaminate may cause inaccurate times.
  • Supply counts are checked every 10 seconds.